Connexion

Penguins vs Bears

Created - 16 janvier 2024 at 05:55

Goals
1 2 3 OT1 T
Penguins 1 0 0 0 1
Bears 0 1 0 1 2
Shots
1 2 3 OT1 T
Penguins 12 16 6 7 41
Bears 2 7 10 3 22

GoalsPenalties
1st period
1. Penguins , Gerald Mayhew 19 (Steven Fogarty 33, Keaton Middleton 10) at 6:05
Austin Watson (HER) for Roughing (Minor) at 2:05
Liam O'Brien (WBS) for Interference (Minor) at 10:11
Karson Kuhlman (WBS) for Slashing (Minor) at 15:30
Tyrell Goulbourne (HER) for Holding (Minor) at 19:42
2nd period
2. Bears , Dennis Gilbert 7 (Cole Koepke 23, Justin Dowling 43) at 6:42 (PP)
Keaton Middleton (WBS) for Slashing (Minor) at 5:49
Steven Fogarty (WBS) for Tripping (Minor) at 10:49
3rd period
No Goal
Andreas Englund (WBS) for Interference (Minor) at 3:01
Keaton Middleton (WBS) for Interference (Minor) at 3:17
Dylan McIlrath (WBS) for Goalie Interference (Minor) at 6:39
Dennis Gilbert (HER) for Boarding (Minor) at 11:47
Kevin Bahl (WBS) for Tripping (Minor) at 16:01
Overtime #1
3. Bears , Andreas Borgman 3 (Cole Koepke 24) at 4:54
No Penalty
Goalie Stats
Marek Langhamer (WBS), 20 saves from 22 shots - (0,909), OTL, 22-25-5, 64:55 minutes
Spencer Martin (HER), 40 saves from 41 shots - (0,976), W, 11-10-1, 64:55 minutes
3 StarsOfficial
1 - Spencer Martin (HER)
2 - Cole Koepke (HER)
3 - Andreas Borgman (HER)
Referees : Tom Kowal and Justin StPierre
Linesman : Greg Devorski and Pierre Champoux
Game Note
No Game Note
Finance
Level 1 -- Attendance: 2000 (100,00%) -- Ticket Income $60,000
Level 2 -- Attendance: 927 (92,70%) -- Ticket Income $16,686
Total Attendance: 2927 (97,57%)
Total Ticket Income: $76,686
Other Income: $15,337
Total Income: $92,023



Team Name Goals Shots Shots Attemp Shots Blocked PIM HIT PP PK FO%
Penguins 141901216210 / 3 (0%)153%
Bears 22261116211 / 8 (13%)047%

Penguins
Player Name POS G A P +/- PIM HIT SHT SB MP PP MP PP SHT PK MP PK SHT FO% FOT
Adam ClendeningD0001002223:592:5616:2110% 0
Alan QuineC/LW/RW000-1005011:360:0001:250100% 1
Andreas EnglundD0000220123:053:0105:5500% 0
Brian HartLW/RW000-100107:480:0000:0000% 0
Dylan GambrellC/RW000001307:050:0000:00071% 7
Dylan McIlrathD0000240315:420:0001:4100% 0
Gerald MayhewC/RW1011002122:493:1206:51045% 31
Jason DickinsonC/LW0001015226:063:1206:52050% 10
Joseph BlandisiC/LW0000015018:432:4514:03048% 21
Karson KuhlmanC/RW0000212013:022:4510:000100% 1
Keaton MiddletonD0111400219:272:2204:1800% 0
Kevin BahlD0000211015:350:3401:0000% 0
Liam O'BrienC/LW0000241012:430:0001:47056% 9
Marian StudenicRW0000012010:570:0000:000100% 1
Mikhail MaltsevLW0000004010:570:0000:0000% 0
Rhett GardnerC/LW0000035012:572:4510:000100% 1
Steven FogartyC/RW0111212020:183:1203:25075% 4
Steven SantiniD000-1011127:023:0106:5000% 0
Bears
Player Name POS G A P +/- PIM HIT SHT SB MP PP MP PP SHT PK MP PK SHT FO% FOT
Andreas BorgmanD1010011016:530:4501:3700% 0
Arttu RuotsalainenC0000001115:305:5600:00030% 20
Austin WatsonC/LW/RW0000213013:220:3300:31033% 3
Beck MalenstynLW0000012017:140:0000:3200% 0
Buddy RobinsonRW0000010013:596:5001:3200% 1
Chad KrysD0000020321:185:3103:0000% 0
Christoffer EhnC/LW000-1011014:570:0002:55071% 14
Cole KoepkeLW0221054020:266:2230:00050% 2
Dennis GilbertD1010201020:245:3112:0700% 0
Gustav OlofssonD0000002324:415:4112:1300% 0
Jay BeagleC/RW000000009:090:4502:47038% 8
Joona LuotoLW/RW0000001118:495:0200:0000% 2
Jordie BennD0000020025:176:4702:4100% 0
Justin DowlingC/LW/RW0110022124:586:1812:05053% 32
Kyle BurroughsD000-1031216:211:5100:1600% 0
Lean BergmannLW/RW0000020015:305:5600:0000% 0
Maxim LetunovC000000003:541:2700:18033% 3
Tyrell GoulbourneLW000-1203016:030:0001:140100% 1



Play-by-Play

1st period


0:01 of 1st period - Justin Dowling wins face-off versus Gerald Mayhew in neutral zone.
0:07 of 1st period - Icing by Steven Fogarty.
0:08 of 1st period - Arttu Ruotsalainen wins face-off versus Gerald Mayhew in Penguins zone.
0:16 of 1st period - Beck Malenstyn is hit by Steven Santini and loses puck.
0:41 of 1st period - Shot by Jason Dickinson.
0:41 of 1st period - Shot Blocked by Arttu Ruotsalainen.
0:56 of 1st period - Off-side.
0:57 of 1st period - Joseph Blandisi wins face-off versus Justin Dowling in neutral zone.
0:57 of 1st period - Joseph Blandisi is hit by Justin Dowling.
1:01 of 1st period - Shot by Rhett Gardner.
1:01 of 1st period - Deflect By Joseph Blandisi.
1:01 of 1st period - Stopped by Spencer Martin without a rebound.
1:02 of 1st period - Justin Dowling wins face-off versus Liam O'Brien in Bears zone.
1:02 of 1st period - Justin Dowling is hit by Liam O'Brien.
1:10 of 1st period - Shot by Cole Koepke.
1:10 of 1st period - Shot Misses the Net.
1:16 of 1st period - Shot by Liam O'Brien.
1:16 of 1st period - Deflect By Marian Studenic.
1:16 of 1st period - Shot Misses the Net.
1:27 of 1st period - Liam O'Brien is hit by Kyle Burroughs and loses puck.
1:34 of 1st period - Shot by Mikhail Maltsev.
1:34 of 1st period - Stopped by Spencer Martin without a rebound.
1:35 of 1st period - Christoffer Ehn wins face-off versus Joseph Blandisi in Bears zone.
1:35 of 1st period - Christoffer Ehn is hit by Rhett Gardner.
1:38 of 1st period - Austin Watson is hit by Karson Kuhlman and loses puck.
2:05 of 1st period - Minor Penalty to Austin Watson for Roughing.
2:06 of 1st period - Christoffer Ehn wins face-off versus Gerald Mayhew in Bears zone.
2:29 of 1st period - Shot by Gerald Mayhew.
2:29 of 1st period - Shot Blocked by Gustav Olofsson.
4:31 of 1st period - Icing by Dylan McIlrath.
4:32 of 1st period - Dylan Gambrell wins face-off versus Justin Dowling in Penguins zone.
4:53 of 1st period - Brian Hart is hit by Chad Krys and loses puck.
5:06 of 1st period - Shot by Joona Luoto.
5:06 of 1st period - Shot Misses the Net.
5:20 of 1st period - Shot by Marian Studenic.
5:20 of 1st period - Deflect By Liam O'Brien.
5:20 of 1st period - Stopped by Spencer Martin without a rebound.
5:21 of 1st period - Jay Beagle wins face-off versus Joseph Blandisi in Bears zone.
5:21 of 1st period - Jay Beagle is hit by Joseph Blandisi.
5:47 of 1st period - Shot by Joseph Blandisi.
5:47 of 1st period - Stopped by Spencer Martin without a rebound.
5:48 of 1st period - Christoffer Ehn wins face-off versus Gerald Mayhew in Bears zone.
6:03 of 1st period - Shot by Steven Fogarty.
6:03 of 1st period - Shot Misses the Net.
6:05 of 1st period - Shot by Gerald Mayhew.
6:05 of 1st period - Goal by Gerald Mayhew - Penguins : 1 - Bears : 0.
6:06 of 1st period - Arttu Ruotsalainen wins face-off versus Liam O'Brien in neutral zone.
6:06 of 1st period - Gustav Olofsson is hit by Marian Studenic and loses puck.
6:17 of 1st period - Shot by Lean Bergmann.
6:17 of 1st period - Shot Misses the Net.
6:30 of 1st period - Lean Bergmann is hit by Dylan McIlrath and loses puck.
6:41 of 1st period - Shot by Marian Studenic.
6:41 of 1st period - Shot Misses the Net.
6:56 of 1st period - Kevin Bahl is hit by Cole Koepke.
7:10 of 1st period - Shot by Justin Dowling.
7:10 of 1st period - Shot Misses the Net.
7:12 of 1st period - Shot by Andreas Borgman.
7:12 of 1st period - Shot Misses the Net.
7:53 of 1st period - Shot by Austin Watson.
7:53 of 1st period - Stopped by Marek Langhamer with a rebound.
8:24 of 1st period - Off-side.
8:25 of 1st period - Karson Kuhlman wins face-off versus Jay Beagle in neutral zone.
8:51 of 1st period - Shot by Joseph Blandisi.
8:51 of 1st period - Shot Blocked by Gustav Olofsson.
8:53 of 1st period - Shot by Karson Kuhlman.
8:53 of 1st period - Shot Misses the Net.
8:57 of 1st period - Shot by Karson Kuhlman.
8:57 of 1st period - Shot Misses the Net.
8:59 of 1st period - Shot by Joseph Blandisi.
8:59 of 1st period - Shot Misses the Net.
9:36 of 1st period - Shot by Brian Hart.
9:36 of 1st period - Shot Misses the Net.
9:38 of 1st period - Shot by Dylan Gambrell.
9:38 of 1st period - Shot Misses the Net.
9:46 of 1st period - Shot by Dylan Gambrell.
9:46 of 1st period - Stopped by Spencer Martin without a rebound.
9:47 of 1st period - Liam O'Brien wins face-off versus Joona Luoto in Bears zone.
10:11 of 1st period - Minor Penalty to Liam O'Brien for Interference.
10:12 of 1st period - Justin Dowling wins face-off versus Gerald Mayhew in Penguins zone.
10:35 of 1st period - Shot by Joona Luoto.
10:35 of 1st period - Shot Misses the Net.
10:39 of 1st period - Shot by Justin Dowling.
10:39 of 1st period - Shot Misses the Net.
11:46 of 1st period - Icing by Cole Koepke.
11:47 of 1st period - Gerald Mayhew wins face-off versus Justin Dowling in Bears zone.
12:12 of 1st period - Marian Studenic is hit by Christoffer Ehn.
12:17 of 1st period - Dylan McIlrath is hit by Kyle Burroughs and loses puck.
12:29 of 1st period - Liam O'Brien is hit by Kyle Burroughs.
12:49 of 1st period - Andreas Borgman is hit by Liam O'Brien and loses puck.
13:21 of 1st period - Shot by Rhett Gardner.
13:21 of 1st period - Deflect By Joseph Blandisi.
13:21 of 1st period - Shot Misses the Net.
13:23 of 1st period - Shot by Joseph Blandisi.
13:23 of 1st period - Shot Hit the Post.
13:25 of 1st period - Shot by Rhett Gardner.
13:25 of 1st period - Shot Misses the Net.
13:27 of 1st period - Shot by Steven Santini.
13:27 of 1st period - Stopped by Spencer Martin without a rebound.
13:28 of 1st period - Steven Fogarty wins face-off versus Arttu Ruotsalainen in Bears zone.
14:46 of 1st period - Shot by Rhett Gardner.
14:46 of 1st period - Stopped by Spencer Martin without a rebound.
14:47 of 1st period - Dylan Gambrell wins face-off versus Jay Beagle in Bears zone.
14:48 of 1st period - Shot by Alan Quine.
14:48 of 1st period - Stopped by Spencer Martin with a rebound.
14:50 of 1st period - Shot by Alan Quine.
14:50 of 1st period - Stopped by Spencer Martin without a rebound.
14:51 of 1st period - Austin Watson wins face-off versus Joseph Blandisi in Bears zone.
14:55 of 1st period - Icing by Austin Watson.
14:56 of 1st period - Joseph Blandisi wins face-off versus Christoffer Ehn in Bears zone.
15:30 of 1st period - Minor Penalty to Karson Kuhlman for Slashing.
15:31 of 1st period - Justin Dowling wins face-off versus Gerald Mayhew in Penguins zone.
15:32 of 1st period - Shot by Gustav Olofsson.
15:32 of 1st period - Stopped by Marek Langhamer without a rebound.
15:33 of 1st period - Gerald Mayhew wins face-off versus Justin Dowling in Penguins zone.
15:44 of 1st period - Shot by Gustav Olofsson.
15:44 of 1st period - Shot Blocked by Keaton Middleton.
16:38 of 1st period - Shot by Jason Dickinson.
16:38 of 1st period - Shot Blocked by Chad Krys.
16:40 of 1st period - Shot by Adam Clendening.
16:40 of 1st period - Stopped by Spencer Martin without a rebound.
16:41 of 1st period - Arttu Ruotsalainen wins face-off versus Steven Fogarty in Bears zone.
17:34 of 1st period - Kyle Burroughs is hit by Kevin Bahl and loses puck.
17:45 of 1st period - Shot by Austin Watson.
17:45 of 1st period - Shot Misses the Net.
17:54 of 1st period - Icing by Liam O'Brien.
17:55 of 1st period - Marian Studenic wins face-off versus Jay Beagle in Penguins zone.
18:04 of 1st period - Shot by Mikhail Maltsev.
18:04 of 1st period - Shot Misses the Net.
18:06 of 1st period - Shot by Kevin Bahl.
18:06 of 1st period - Stopped by Spencer Martin without a rebound.
18:07 of 1st period - Justin Dowling wins face-off versus Dylan Gambrell in Bears zone.
18:29 of 1st period - Shot by Dylan Gambrell.
18:29 of 1st period - Shot Misses the Net.
18:31 of 1st period - Shot by Adam Clendening.
18:31 of 1st period - Shot Blocked by Kyle Burroughs.
18:33 of 1st period - Shot by Dylan Gambrell.
18:33 of 1st period - Shot Misses the Net.
18:39 of 1st period - Shot by Dylan Gambrell.
18:39 of 1st period - Shot Misses the Net.
19:21 of 1st period - Shot by Lean Bergmann.
19:21 of 1st period - Deflect By Beck Malenstyn.
19:21 of 1st period - Shot Misses the Net.
19:23 of 1st period - Shot by Beck Malenstyn.
19:23 of 1st period - Shot Misses the Net.
19:42 of 1st period - Minor Penalty to Tyrell Goulbourne for Holding.
19:43 of 1st period - Christoffer Ehn wins face-off versus Joseph Blandisi in Bears zone.
19:54 of 1st period - Off-side.
19:55 of 1st period - Christoffer Ehn wins face-off versus Joseph Blandisi in neutral zone.
Goals for this period are 1 for Penguins vs 0 for Bears .
Shots for this period are 12 for Penguins vs 2 for Bears .

2nd period


0:01 of 2nd period - Christoffer Ehn wins face-off versus Gerald Mayhew in neutral zone.
0:09 of 2nd period - Icing by Jason Dickinson.
0:10 of 2nd period - Christoffer Ehn wins face-off versus Gerald Mayhew in Penguins zone.
0:50 of 2nd period - Icing by Jason Dickinson.
0:51 of 2nd period - Christoffer Ehn wins face-off versus Gerald Mayhew in Penguins zone.
1:26 of 2nd period - Shot by Karson Kuhlman.
1:26 of 2nd period - Stopped by Spencer Martin without a rebound.
1:27 of 2nd period - Joseph Blandisi wins face-off versus Austin Watson in Bears zone.
1:28 of 2nd period - Shot by Keaton Middleton.
1:28 of 2nd period - Shot Misses the Net.
1:30 of 2nd period - Shot by Joseph Blandisi.
1:30 of 2nd period - Stopped by Spencer Martin without a rebound.
1:31 of 2nd period - Gerald Mayhew wins face-off versus Austin Watson in Bears zone.
1:36 of 2nd period - Shot by Jason Dickinson.
1:36 of 2nd period - Shot Blocked by Chad Krys.
1:38 of 2nd period - Shot by Adam Clendening.
1:38 of 2nd period - Shot Misses the Net.
1:40 of 2nd period - Shot by Adam Clendening.
1:40 of 2nd period - Stopped by Spencer Martin with a rebound.
1:42 of 2nd period - Shot by Gerald Mayhew.
1:42 of 2nd period - Stopped by Spencer Martin without a rebound.
1:43 of 2nd period - Arttu Ruotsalainen wins face-off versus Joseph Blandisi in Bears zone.
1:47 of 2nd period - Off-side.
1:48 of 2nd period - Justin Dowling wins face-off versus Joseph Blandisi in neutral zone.
2:10 of 2nd period - Justin Dowling is hit by Andreas Englund and loses puck.
2:39 of 2nd period - Shot by Steven Fogarty.
2:39 of 2nd period - Shot Misses the Net.
2:41 of 2nd period - Shot by Jason Dickinson.
2:41 of 2nd period - Deflect By Steven Fogarty.
2:41 of 2nd period - Shot Misses the Net.
2:43 of 2nd period - Shot by Steven Fogarty.
2:43 of 2nd period - Shot Misses the Net.
3:59 of 2nd period - Shot by Christoffer Ehn.
3:59 of 2nd period - Stopped by Marek Langhamer with a rebound.
4:09 of 2nd period - Shot by Tyrell Goulbourne.
4:09 of 2nd period - Shot Blocked by Dylan McIlrath.
5:04 of 2nd period - Shot by Cole Koepke.
5:04 of 2nd period - Shot Misses the Net.
5:06 of 2nd period - Shot by Cole Koepke.
5:06 of 2nd period - Shot Misses the Net.
5:18 of 2nd period - Shot by Justin Dowling.
5:18 of 2nd period - Shot Misses the Net.
5:49 of 2nd period - Minor Penalty to Keaton Middleton for Slashing.
5:50 of 2nd period - Jason Dickinson wins face-off versus Arttu Ruotsalainen in Penguins zone.
5:56 of 2nd period - Icing by Buddy Robinson.
5:57 of 2nd period - Gerald Mayhew wins face-off versus Arttu Ruotsalainen in Bears zone.
6:36 of 2nd period - Shot by Chad Krys.
6:36 of 2nd period - Deflect By Justin Dowling.
6:36 of 2nd period - Shot Misses the Net.
6:38 of 2nd period - Shot by Dennis Gilbert.
6:38 of 2nd period - Shot Blocked by Adam Clendening.
6:40 of 2nd period - Shot by Cole Koepke.
6:40 of 2nd period - Stopped by Marek Langhamer with a rebound.
6:42 of 2nd period - Shot by Dennis Gilbert.
6:42 of 2nd period - Goal by Dennis Gilbert - Penguins : 1 - Bears : 1.
6:43 of 2nd period - Christoffer Ehn wins face-off versus Liam O'Brien in neutral zone.
7:48 of 2nd period - Shot by Keaton Middleton.
7:48 of 2nd period - Deflect By Dylan Gambrell.
7:48 of 2nd period - Stopped by Spencer Martin without a rebound.
7:49 of 2nd period - Joseph Blandisi wins face-off versus Justin Dowling in Bears zone.
7:50 of 2nd period - Shot by Rhett Gardner.
7:50 of 2nd period - Stopped by Spencer Martin with a rebound.
9:11 of 2nd period - Dennis Gilbert is hit by Jason Dickinson and loses puck.
9:39 of 2nd period - Shot by Mikhail Maltsev.
9:39 of 2nd period - Stopped by Spencer Martin with a rebound.
9:41 of 2nd period - Shot by Liam O'Brien.
9:41 of 2nd period - Shot Misses the Net.
9:43 of 2nd period - Shot by Marian Studenic.
9:43 of 2nd period - Shot Blocked by Chad Krys.
9:45 of 2nd period - Shot by Mikhail Maltsev.
9:45 of 2nd period - Stopped by Spencer Martin without a rebound.
9:46 of 2nd period - Dylan Gambrell wins face-off versus Arttu Ruotsalainen in Bears zone.
9:50 of 2nd period - Icing by Gustav Olofsson.
9:51 of 2nd period - Joseph Blandisi wins face-off versus Arttu Ruotsalainen in Bears zone.
9:52 of 2nd period - Shot by Rhett Gardner.
9:52 of 2nd period - Deflect By Karson Kuhlman.
9:52 of 2nd period - Stopped by Spencer Martin without a rebound.
9:53 of 2nd period - Joseph Blandisi wins face-off versus Arttu Ruotsalainen in Bears zone.
10:06 of 2nd period - Karson Kuhlman is hit by Lean Bergmann.
10:21 of 2nd period - Karson Kuhlman is hit by Beck Malenstyn and loses puck.
10:49 of 2nd period - Minor Penalty to Steven Fogarty for Tripping.
10:50 of 2nd period - Gerald Mayhew wins face-off versus Buddy Robinson in Penguins zone.
10:59 of 2nd period - Shot by Kyle Burroughs.
10:59 of 2nd period - Shot Misses the Net.
11:01 of 2nd period - Shot by Jay Beagle.
11:01 of 2nd period - Shot Blocked by Jason Dickinson.
11:03 of 2nd period - Shot by Buddy Robinson.
11:03 of 2nd period - Shot Blocked by Jason Dickinson.
11:05 of 2nd period - Shot by Buddy Robinson.
11:05 of 2nd period - Shot Blocked by Andreas Englund.
11:28 of 2nd period - Shot by Maxim Letunov.
11:28 of 2nd period - Shot Misses the Net.
11:30 of 2nd period - Shot by Maxim Letunov.
11:30 of 2nd period - Shot Blocked by Gerald Mayhew.
12:36 of 2nd period - Off-side.
12:37 of 2nd period - Maxim Letunov wins face-off versus Gerald Mayhew in neutral zone.
12:40 of 2nd period - Shot by Cole Koepke.
12:40 of 2nd period - Stopped by Marek Langhamer without a rebound.
12:41 of 2nd period - Gerald Mayhew wins face-off versus Justin Dowling in Penguins zone.
13:02 of 2nd period - Shot by Alan Quine.
13:02 of 2nd period - Deflect By Dylan Gambrell.
13:02 of 2nd period - Shot Misses the Net.
13:04 of 2nd period - Shot by Dylan Gambrell.
13:04 of 2nd period - Stopped by Spencer Martin without a rebound.
13:05 of 2nd period - Liam O'Brien wins face-off versus Arttu Ruotsalainen in Bears zone.
13:12 of 2nd period - Shot by Liam O'Brien.
13:12 of 2nd period - Shot Misses the Net.
14:01 of 2nd period - Joseph Blandisi is hit by Jordie Benn and loses puck.
14:10 of 2nd period - Shot by Tyrell Goulbourne.
14:10 of 2nd period - Shot Misses the Net.
14:12 of 2nd period - Shot by Tyrell Goulbourne.
14:12 of 2nd period - Stopped by Marek Langhamer without a rebound.
14:13 of 2nd period - Justin Dowling wins face-off versus Gerald Mayhew in Penguins zone.
14:18 of 2nd period - Shot by Joona Luoto.
14:18 of 2nd period - Stopped by Marek Langhamer without a rebound.
14:19 of 2nd period - Justin Dowling wins face-off versus Gerald Mayhew in Penguins zone.
14:50 of 2nd period - Jason Dickinson is hit by Cole Koepke and loses puck.
15:00 of 2nd period - Icing by Kevin Bahl.
15:01 of 2nd period - Gerald Mayhew wins face-off versus Jay Beagle in Penguins zone.
15:17 of 2nd period - Buddy Robinson is hit by Andreas Englund and loses puck.
15:28 of 2nd period - Shot by Joseph Blandisi.
15:28 of 2nd period - Shot Misses the Net.
15:41 of 2nd period - Shot by Joseph Blandisi.
15:41 of 2nd period - Stopped by Spencer Martin without a rebound.
15:42 of 2nd period - Alan Quine wins face-off versus Christoffer Ehn in Bears zone.
15:49 of 2nd period - Shot by Alan Quine.
15:49 of 2nd period - Shot Misses the Net.
16:08 of 2nd period - Icing by Austin Watson.
16:09 of 2nd period - Liam O'Brien wins face-off versus Christoffer Ehn in Bears zone.
16:20 of 2nd period - Shot by Liam O'Brien.
16:20 of 2nd period - Shot Misses the Net.
16:42 of 2nd period - Shot by Mikhail Maltsev.
16:42 of 2nd period - Stopped by Spencer Martin without a rebound.
16:43 of 2nd period - Justin Dowling wins face-off versus Gerald Mayhew in Bears zone.
16:58 of 2nd period - Shot by Jason Dickinson.
16:58 of 2nd period - Stopped by Spencer Martin without a rebound.
16:59 of 2nd period - Joseph Blandisi wins face-off versus Arttu Ruotsalainen in Bears zone.
16:59 of 2nd period - Karson Kuhlman is hit by Chad Krys and loses puck.
17:08 of 2nd period - Shot by Beck Malenstyn.
17:08 of 2nd period - Deflect By Arttu Ruotsalainen.
17:08 of 2nd period - Stopped by Marek Langhamer with a rebound.
17:55 of 2nd period - Icing by Steven Santini.
17:56 of 2nd period - Gerald Mayhew wins face-off versus Cole Koepke in Penguins zone.
17:56 of 2nd period - Andreas Englund is hit by Cole Koepke and loses puck.
19:15 of 2nd period - Shot by Marian Studenic.
19:15 of 2nd period - Stopped by Spencer Martin with a rebound.
19:17 of 2nd period - Shot by Marian Studenic.
19:17 of 2nd period - Stopped by Spencer Martin with a rebound.
19:36 of 2nd period - Icing by Austin Watson.
19:37 of 2nd period - Tyrell Goulbourne wins face-off versus Joseph Blandisi in Bears zone.
19:37 of 2nd period - Tyrell Goulbourne is hit by Rhett Gardner.
19:44 of 2nd period - Austin Watson is hit by Dylan McIlrath and loses puck.
19:59 of 2nd period - Shot by Joseph Blandisi.
19:59 of 2nd period - Deflect By Rhett Gardner.
19:59 of 2nd period - Stopped by Spencer Martin without a rebound.
Goals for this period are 0 for Penguins vs 1 for Bears .
Shots for this period are 16 for Penguins vs 7 for Bears .

3rd period


0:01 of 3rd period - Justin Dowling wins face-off versus Gerald Mayhew in neutral zone.
0:24 of 3rd period - Shot by Steven Fogarty.
0:24 of 3rd period - Stopped by Spencer Martin without a rebound.
0:25 of 3rd period - Jay Beagle wins face-off versus Joseph Blandisi in Bears zone.
1:04 of 3rd period - Shot by Joseph Blandisi.
1:04 of 3rd period - Stopped by Spencer Martin without a rebound.
1:05 of 3rd period - Gerald Mayhew wins face-off versus Justin Dowling in Bears zone.
1:06 of 3rd period - Shot by Steven Fogarty.
1:06 of 3rd period - Deflect By Jason Dickinson.
1:06 of 3rd period - Stopped by Spencer Martin with a rebound.
1:12 of 3rd period - Shot by Joona Luoto.
1:12 of 3rd period - Shot Misses the Net.
1:14 of 3rd period - Shot by Justin Dowling.
1:14 of 3rd period - Shot Misses the Net.
1:16 of 3rd period - Shot by Justin Dowling.
1:16 of 3rd period - Shot Blocked by Steven Santini.
1:18 of 3rd period - Shot by Gustav Olofsson.
1:18 of 3rd period - Stopped by Marek Langhamer without a rebound.
1:19 of 3rd period - Christoffer Ehn wins face-off versus Dylan Gambrell in Penguins zone.
1:26 of 3rd period - Shot by Austin Watson.
1:26 of 3rd period - Shot Misses the Net.
1:28 of 3rd period - Shot by Tyrell Goulbourne.
1:28 of 3rd period - Stopped by Marek Langhamer with a rebound.
1:30 of 3rd period - Shot by Kyle Burroughs.
1:30 of 3rd period - Shot Misses the Net.
1:32 of 3rd period - Shot by Tyrell Goulbourne.
1:32 of 3rd period - Shot Blocked by Dylan McIlrath.
1:34 of 3rd period - Shot by Tyrell Goulbourne.
1:34 of 3rd period - Shot Blocked by Dylan McIlrath.
1:36 of 3rd period - Shot by Kyle Burroughs.
1:36 of 3rd period - Stopped by Marek Langhamer without a rebound.
1:37 of 3rd period - Gerald Mayhew wins face-off versus Justin Dowling in Penguins zone.
1:43 of 3rd period - Andreas Englund is hit by Cole Koepke and loses puck.
1:50 of 3rd period - Shot by Justin Dowling.
1:50 of 3rd period - Stopped by Marek Langhamer without a rebound.
1:51 of 3rd period - Joseph Blandisi wins face-off versus Arttu Ruotsalainen in Penguins zone.
1:56 of 3rd period - Lean Bergmann is hit by Rhett Gardner and loses puck.
2:00 of 3rd period - Icing by Dennis Gilbert.
2:01 of 3rd period - Gerald Mayhew wins face-off versus Arttu Ruotsalainen in Bears zone.
2:28 of 3rd period - Steven Santini is hit by Lean Bergmann and loses puck.
2:42 of 3rd period - Icing by Andreas Englund.
2:43 of 3rd period - Justin Dowling wins face-off versus Gerald Mayhew in Penguins zone.
3:01 of 3rd period - Minor Penalty to Andreas Englund for Interference.
3:02 of 3rd period - Liam O'Brien wins face-off versus Justin Dowling in Penguins zone.
3:02 of 3rd period - Jason Dickinson is hit by Cole Koepke.
3:17 of 3rd period - Minor Penalty to Keaton Middleton for Interference.
3:18 of 3rd period - Gerald Mayhew wins face-off versus Arttu Ruotsalainen in Penguins zone.
3:47 of 3rd period - Dennis Gilbert is hit by Liam O'Brien and loses puck.
4:35 of 3rd period - Shot by Jordie Benn.
4:35 of 3rd period - Shot Misses the Net.
5:24 of 3rd period - Austin Watson is hit by Dylan Gambrell and loses puck.
5:33 of 3rd period - Shot by Alan Quine.
5:33 of 3rd period - Shot Misses the Net.
5:35 of 3rd period - Shot by Alan Quine.
5:35 of 3rd period - Shot Misses the Net.
5:37 of 3rd period - Shot by Dylan Gambrell.
5:37 of 3rd period - Shot Misses the Net.
5:39 of 3rd period - Shot by Alan Quine.
5:39 of 3rd period - Stopped by Spencer Martin with a rebound.
6:06 of 3rd period - Icing by Kyle Burroughs.
6:07 of 3rd period - Joseph Blandisi wins face-off versus Christoffer Ehn in Bears zone.
6:08 of 3rd period - Shot by Rhett Gardner.
6:08 of 3rd period - Stopped by Spencer Martin without a rebound.
6:09 of 3rd period - Rhett Gardner wins face-off versus Jay Beagle in Bears zone.
6:37 of 3rd period - Icing by Karson Kuhlman.
6:38 of 3rd period - Cole Koepke wins face-off versus Joseph Blandisi in Penguins zone.
6:38 of 3rd period - Cole Koepke is hit by Dylan McIlrath.
6:39 of 3rd period - Minor Penalty to Dylan McIlrath for Goalie Interference.
6:40 of 3rd period - Gerald Mayhew wins face-off versus Justin Dowling in Penguins zone.
6:49 of 3rd period - Shot by Joona Luoto.
6:49 of 3rd period - Deflect By Cole Koepke.
6:49 of 3rd period - Stopped by Marek Langhamer without a rebound.
6:50 of 3rd period - Justin Dowling wins face-off versus Gerald Mayhew in Penguins zone.
7:01 of 3rd period - Andreas Englund is hit by Justin Dowling and loses puck.
7:16 of 3rd period - Shot by Justin Dowling.
7:16 of 3rd period - Stopped by Marek Langhamer without a rebound.
7:17 of 3rd period - Gerald Mayhew wins face-off versus Arttu Ruotsalainen in Penguins zone.
7:28 of 3rd period - Shot by Chad Krys.
7:28 of 3rd period - Deflect By Buddy Robinson.
7:28 of 3rd period - Shot Misses the Net.
7:30 of 3rd period - Shot by Buddy Robinson.
7:30 of 3rd period - Shot Blocked by Keaton Middleton.
8:07 of 3rd period - Andreas Englund is hit by Buddy Robinson and loses puck.
8:20 of 3rd period - Joona Luoto is hit by Steven Fogarty and loses puck.
8:51 of 3rd period - Shot by Liam O'Brien.
8:51 of 3rd period - Shot Misses the Net.
8:57 of 3rd period - Shot by Austin Watson.
8:57 of 3rd period - Stopped by Marek Langhamer without a rebound.
8:58 of 3rd period - Dylan Gambrell wins face-off versus Justin Dowling in Penguins zone.
9:09 of 3rd period - Shot by Alan Quine.
9:09 of 3rd period - Shot Blocked by Joona Luoto.
10:59 of 3rd period - Steven Fogarty is hit by Austin Watson and loses puck.
11:10 of 3rd period - Shot by Gerald Mayhew.
11:10 of 3rd period - Shot Misses the Net.
11:12 of 3rd period - Shot by Jason Dickinson.
11:12 of 3rd period - Shot Misses the Net.
11:47 of 3rd period - Minor Penalty to Dennis Gilbert for Boarding.
11:48 of 3rd period - Jay Beagle wins face-off versus Joseph Blandisi in Bears zone.
13:27 of 3rd period - Shot by Rhett Gardner.
13:27 of 3rd period - Stopped by Spencer Martin with a rebound.
14:07 of 3rd period - Shot by Lean Bergmann.
14:07 of 3rd period - Shot Misses the Net.
14:14 of 3rd period - Icing by Jordie Benn.
14:15 of 3rd period - Dylan Gambrell wins face-off versus Arttu Ruotsalainen in Bears zone.
14:58 of 3rd period - Shot by Austin Watson.
14:58 of 3rd period - Stopped by Marek Langhamer without a rebound.
14:59 of 3rd period - Steven Fogarty wins face-off versus Justin Dowling in Penguins zone.
15:24 of 3rd period - Shot by Steven Santini.
15:24 of 3rd period - Shot Misses the Net.
15:26 of 3rd period - Shot by Andreas Englund.
15:26 of 3rd period - Shot Misses the Net.
15:28 of 3rd period - Shot by Jason Dickinson.
15:28 of 3rd period - Shot Blocked by Justin Dowling.
15:53 of 3rd period - Icing by Liam O'Brien.
15:54 of 3rd period - Arttu Ruotsalainen wins face-off versus Liam O'Brien in Penguins zone.
15:54 of 3rd period - Andreas Borgman is hit by Dylan McIlrath and loses puck.
16:01 of 3rd period - Shot by Beck Malenstyn.
16:01 of 3rd period - Stopped by Marek Langhamer without a rebound.
16:01 of 3rd period - Minor Penalty to Kevin Bahl for Tripping.
16:02 of 3rd period - Arttu Ruotsalainen wins face-off versus Gerald Mayhew in Penguins zone.
16:09 of 3rd period - Shot by Arttu Ruotsalainen.
16:09 of 3rd period - Shot Misses the Net.
16:11 of 3rd period - Shot by Gustav Olofsson.
16:11 of 3rd period - Shot Blocked by Adam Clendening.
16:13 of 3rd period - Shot by Gustav Olofsson.
16:13 of 3rd period - Shot Misses the Net.
16:38 of 3rd period - Icing by Lean Bergmann.
16:39 of 3rd period - Steven Fogarty wins face-off versus Arttu Ruotsalainen in Bears zone.
16:39 of 3rd period - Andreas Englund is hit by Jordie Benn and loses puck.
18:09 of 3rd period - Kevin Bahl is hit by Andreas Borgman and loses puck.
18:34 of 3rd period - Shot by Dylan Gambrell.
18:34 of 3rd period - Shot Blocked by Kyle Burroughs.
18:51 of 3rd period - Shot by Cole Koepke.
18:51 of 3rd period - Stopped by Marek Langhamer without a rebound.
18:52 of 3rd period - Liam O'Brien wins face-off versus Joona Luoto in Penguins zone.
18:57 of 3rd period - Justin Dowling is hit by Liam O'Brien and loses puck.
Goals for this period are 0 for Penguins vs 0 for Bears .
Shots for this period are 6 for Penguins vs 10 for Bears .

Overtime #1


0:01 of 1st overtime period - Jason Dickinson wins face-off versus Justin Dowling in neutral zone.
0:04 of 1st overtime period - Shot by Jason Dickinson.
0:04 of 1st overtime period - Stopped by Spencer Martin without a rebound.
0:05 of 1st overtime period - Justin Dowling wins face-off versus Jason Dickinson in Bears zone.
0:22 of 1st overtime period - Shot by Alan Quine.
0:22 of 1st overtime period - Stopped by Spencer Martin without a rebound.
0:23 of 1st overtime period - Jason Dickinson wins face-off versus Justin Dowling in Bears zone.
0:26 of 1st overtime period - Shot by Jason Dickinson.
0:26 of 1st overtime period - Shot Hit the Post.
0:29 of 1st overtime period - Icing by Gustav Olofsson.
0:30 of 1st overtime period - Justin Dowling wins face-off versus Jason Dickinson in Bears zone.
0:56 of 1st overtime period - Shot by Alan Quine.
0:56 of 1st overtime period - Shot Misses the Net.
0:58 of 1st overtime period - Shot by Jason Dickinson.
0:58 of 1st overtime period - Stopped by Spencer Martin without a rebound.
0:59 of 1st overtime period - Justin Dowling wins face-off versus Jason Dickinson in Bears zone.
1:13 of 1st overtime period - Shot by Tyrell Goulbourne.
1:13 of 1st overtime period - Stopped by Marek Langhamer without a rebound.
1:14 of 1st overtime period - Jason Dickinson wins face-off versus Justin Dowling in Penguins zone.
1:33 of 1st overtime period - Shot by Jason Dickinson.
1:33 of 1st overtime period - Shot Blocked by Gustav Olofsson.
1:35 of 1st overtime period - Shot by Alan Quine.
1:35 of 1st overtime period - Stopped by Spencer Martin with a rebound.
1:37 of 1st overtime period - Shot by Jason Dickinson.
1:37 of 1st overtime period - Stopped by Spencer Martin without a rebound.
1:38 of 1st overtime period - Joseph Blandisi wins face-off versus Maxim Letunov in Bears zone.
1:49 of 1st overtime period - Shot by Steven Fogarty.
1:49 of 1st overtime period - Stopped by Spencer Martin without a rebound.
1:50 of 1st overtime period - Justin Dowling wins face-off versus Jason Dickinson in Bears zone.
2:28 of 1st overtime period - Icing by Steven Santini.
2:29 of 1st overtime period - Jason Dickinson wins face-off versus Maxim Letunov in Penguins zone.
3:14 of 1st overtime period - Shot by Joseph Blandisi.
3:14 of 1st overtime period - Shot Misses the Net.
3:16 of 1st overtime period - Shot by Adam Clendening.
3:16 of 1st overtime period - Shot Misses the Net.
3:30 of 1st overtime period - Shot by Brian Hart.
3:30 of 1st overtime period - Stopped by Spencer Martin without a rebound.
3:31 of 1st overtime period - Justin Dowling wins face-off versus Jason Dickinson in Bears zone.
4:33 of 1st overtime period - Shot by Maxim Letunov.
4:33 of 1st overtime period - Deflect By Beck Malenstyn.
4:33 of 1st overtime period - Stopped by Marek Langhamer with a rebound.
4:52 of 1st overtime period - Shot by Cole Koepke.
4:52 of 1st overtime period - Shot Misses the Net.
4:54 of 1st overtime period - Shot by Andreas Borgman.
4:54 of 1st overtime period - Goal by Andreas Borgman - Penguins : 1 - Bears : 2.
Goals for this period are 0 for Penguins vs 1 for Bears .
Shots for this period are 7 for Penguins vs 3 for Bears .